 Dungeon Crawl Stone Soup version 0.22.2-1-ge965b3aba3 (webtiles) character file.

1239 theanonym the Cutter (level 8, 0/62 HPs)
             Began as a Mummy Enchanter on Aug 31, 2021.
             Was a Believer of Okawaru.
             Killed by divine providence
             ... invoked by an orc priest
              (13 damage)
             ... on level 5 of the Dungeon.
             The game lasted 00:08:27 (5716 turns).

theanonym the Cutter (Mummy Enchanter)              Turns: 5716, Time: 00:08:27

Health: 0/62       AC: 10    Str: 14    XL:     8   Next: 25%
Magic:  10/12      EV: 12    Int: 14    God:    Okawaru [**....]
Gold:   226        SH:  0    Dex: 12    Spells: 12/12 levels left

rFire    x . .     SeeInvis .   j - +0 long sword
rCold    + . .     Gourm    .   (no shield)
rNeg     + + +     Faith    .   g - +0 scale mail
rPois    ∞         Spirit   .   (no helmet)
rElec    .         Reflect  .   i - +2 cloak
rCorr    .         Harm     .   (no gloves)
MR       +....                  (no boots)
Stlth    ++........             (no amulet)
HPRegen  0.20/turn              (no ring)
MPRegen  0.13/turn              (no ring)

@: about to teleport, heroism
A: no food or potions, fire vulnerability, cold resistance 1, negative energy
resistance 3, torment resistance, unbreathing
a: Heroism, Renounce Religion


Innate Abilities, Weirdness & Mutations

You do not eat or drink.
Your flesh is vulnerable to fire.
You are immune to poison.
Your flesh is cold resistant. (rC+)
You are immune to negative energy. (rN+++)
You are immune to unholy pain and torment.
You can survive without breathing.


   Skills:
 + Level 5.3(10.3) Fighting
 - Level 6.0(11.2) Short Blades
 * Level 2.2(9.4) Long Blades
 - Level 1.5(6.5) Dodging
 - Level 2.4(7.4) Stealth
 - Level 2.6 Spellcasting
   Level 2.6 Hexes
 + Level 1.9 Invocations


You had 12 spell levels left.
You didn't know any spells.
Your spell library contained the following spells:

 Spells                   Type           Power        Failure   Level  Hunger
 Corona                   Hex            #......      28%         1    N/A
 Ensorcelled Hibernation  Hex/Ice        #.....       58%         2    N/A
 Confuse                  Hex            #.......     63%         3    N/A
 Tukima's Dance           Hex            #.......     63%         3    N/A
 Dazzling Spray           Conj/Hex       #.....       82%         3    N/A

Skill      XL: |  1  2  3  4  5  6  7  8 |
---------------+-------------------------+-----
Short Blades   | 1 2 3 4 5 6 |  6.0
Fighting       | 1 2 3 4 5 |  5.3
Long Blades    | 1 2 |  2.2
Invocations    | 1 |  1.9
Dodging        | |  1.5
Stealth        | |  2.4
Spellcasting   | |  2.6
Hexes          | |  2.6

Action                   |  1- 3 |  4- 6 |  7- 9 || total
-------------------------+-------+-------+-------++-------
Melee: Dagger            |    82 |       |       ||    82
       Short sword       |    49 |   309 |    72 ||   430
       Long sword        |       |       |    42 ||    42
       Punch             |       |       |     3 ||     3
Invok: Heroism           |       |       |     5 ||     5
Evoke: Wand              |       |     5 |     4 ||     9
  Use: Scroll            |     3 |     7 |     1 ||    11
 Stab: Sleeping          |     8 |     2 |       ||    10
Armor: Robe              |    26 |     2 |       ||    28
       Ring mail         |       |    51 |       ||    51
       Scale mail        |       |    89 |    51 ||   140
Dodge: Dodged            |    84 |   152 |    63 ||   299
       Rpst.: Long sword |       |       |     7 ||     7

Inventory:

Hand Weapons
 a - a +3 short sword
   (You found it on level 2 of the Dungeon)
 j - a +0 long sword (weapon)
   (You found it on level 5 of the Dungeon)
Armour
 g - a +0 scale mail (worn)
   (You took it off Terence on level 3 of the Dungeon)
 i - a +2 cloak (worn)
   (You found it on level 3 of the Dungeon)
Wands
 c - a wand of iceblast (4)
   (You took it off Ijyb on level 3 of the Dungeon)
 h - a wand of random effects (58)
   (You found it on level 4 of the Dungeon)
Scrolls
 b - a scroll of noise
 d - a scroll of enchant weapon
 e - a scroll of amnesia
 f - a scroll of fog
 n - a scroll of remove curse
 r - 4 scrolls of identify
 t - 3 scrolls of teleportation {!r}
 B - 5 scrolls of blinking


You were on level 5 of the Dungeon.
You worshipped Okawaru.
Okawaru was pleased with you.
You were not hungry.

You visited 2 branches of the dungeon, and saw 6 of its levels.
You also visited: Sewer.

You collected 226 gold pieces.

Dungeon Overview and Level Annotations

Branches:
Dungeon (5/15)             Temple (1/1) D:4

Altars:
Ashenzari
Cheibriados
Elyvilon
Fedhas
Kikubaaqudgha
Okawaru
Trog
Uskayaw
Wu Jian

Shops:
D:5

* . ... ##. ##..
... ... ..#
8.##.# .# ..#o# .
.. #.#o# .
...###)#@# '# #
.......oo###'#.#
...#...........#
#.#.........#
...#..
#.'.........#
...#.#
....#...##).#.#
...#.+
.....#....#....#
.....# ....
#....# .....
.....# ....
#.##.############


You could see an orc priest, an orc wizard and 2 orcs.

Notes
Turn   | Place    | Note
-------+----------+-------------------------------------------
     0 | D:1      | theanonym the Mummy Enchanter began the quest for the Orb.
     0 | D:1      | Reached XP level 1. HP: 13/13 MP: 4/4
    64 | D:1      | Reached skill level 1 in Short Blades
   453 | D:1      | Reached XP level 2. HP: 20/20 MP: 5/5
   677 | D:1      | HP: 10/20 [hobgoblin (5)]
   680 | D:1      | Reached skill level 1 in Fighting
  1434 | D:2      | Found a snail-covered altar of Cheibriados.
  1436 | D:2      | Found a bloodstained altar of Trog.
  1439 | D:2      | Found a hide-covered altar of Uskayaw.
  1466 | D:2      | Reached skill level 2 in Short Blades
  1578 | D:2      | Reached XP level 3. HP: 26/26 MP: 7/7
  2061 | D:2      | Found a blossoming altar of Fedhas.
  2284 | D:3      | Noticed Ijyb
  2316 | D:3      | Killed Ijyb
  2316 | D:3      | Reached skill level 2 in Fighting
  2316 | D:3      | Reached XP level 4. HP: 25/33 MP: 8/8
  2464 | D:3      | Noticed Terence
  2567 | D:3      | Reached skill level 3 in Short Blades
  2758 | D:3      | Reached XP level 5. HP: 33/39 MP: 9/9
  2893 | D:3      | Killed Terence
  3185 | D:3      | Reached skill level 3 in Fighting
  3254 | D:3      | Reached skill level 4 in Short Blades
  3261 | D:3      | Reached XP level 6. HP: 47/47 MP: 10/10
  3506 | D:4      | Found a glowing drain.
  3525 | Sewer    | Entered a sewer
  4234 | D:4      | Found a staircase to the Ecumenical Temple.
  4243 | Temple   | Entered the Ecumenical Temple
  4297 | Temple   | Became a worshipper of Warmaster Okawaru
  4417 | D:4      | Found an ornate altar of the Wu Jian Council.
  4479 | D:5      | Entered Level 5 of the Dungeon
  4580 | D:5      | Noticed Prince Ribbit
  4587 | D:5      | HP: 24/48 [crimson imp (3)]
  4588 | D:5      | HP: 5/48 [Prince Ribbit (12)]
  4589 | D:5      | Killed Prince Ribbit
  4589 | D:5      | Reached * piety under Okawaru
  4589 | D:5      | Reached skill level 4 in Fighting
  4589 | D:5      | Reached skill level 5 in Short Blades
  4589 | D:5      | Reached XP level 7. HP: 6/55 MP: 11/11
  4862 | D:5      | Found Vuemuit's Serpentskin Sales.
  4894 | D:5      | HP: 27/55 [adder (3)]
  5136 | D:5      | HP: 26/55 [gnoll shaman/whip (5)]
  5141 | D:5      | HP: 20/55 [gnoll/whip (4)]
  5159 | D:5      | HP: 10/55 [gnoll (5)]
  5163 | D:5      | Reached skill level 6 in Short Blades
  5497 | D:5      | Noticed Edmund
  5520 | D:5      | Reached skill level 5 in Fighting
  5520 | D:5      | Reached skill level 1 in Long Blades
  5520 | D:5      | Reached skill level 1 in Invocations
  5527 | D:5      | Reached XP level 8. HP: 47/62 MP: 8/12
  5536 | D:5      | Killed Edmund
  5536 | D:5      | Reached ** piety under Okawaru
  5536 | D:5      | Reached skill level 2 in Long Blades
  5707 | D:5      | HP: 27/62 [orc priest/divine providence (14)]
  5713 | D:5      | HP: 13/62 [orc priest/divine providence (7)]
  5716 | D:5      | Killed from afar by an orc priest

Vanquished Creatures
  Prince Ribbit (D:5)
  Edmund (D:5)
  A water moccasin (D:5)
  An ice beast (D:5)
  A phantom (D:5)
  An ogre (D:5)
  2 howler monkeys
  A crimson imp (D:5)
  A gnoll shaman (D:5)
  An orc priest (D:5)
  An orc wizard (D:3)
  Ijyb (D:3)
  Terence (D:3)
  An iguana (D:5)
  A worker ant (D:3)
  A hound skeleton (D:4)
  4 gnolls (D:5)
  9 adders
  An ooze (D:3)
  3 worms
  2 dart slugs
  6 leopard geckos
  12 orcs
  4 giant cockroaches
  3 hobgoblins
  4 jackals (Sewer)
  2 quokkas
  3 ball pythons
  15 bats
  5 frilled lizards
  4 goblins
  10 kobolds
  10 rats
  A plant (D:3)
115 creatures vanquished.

Table legend:
 A = Turns spent in this place as a percentage of turns spent in the entire game.
 B = Non-inter-level travel turns spent in this place as a percentage of non-inter-level travel turns spent in the entire game.
 C = Inter-level travel turns spent in this place as a percentage of turns spent in this place.
 D = Turns resting spent in this place as a percentage of non-inter-level travel turns spent in this place.
 E = Turns spent auto-exploring this place as a percentage of non-inter-level travel turns spent in this place.
 F = Non-inter-level travel turns spent in this place divided by the number of levels of this place that you've seen.
                   A       B       C       D       E      F
               +-------+-------+-------+-------+-------+----------------------
         Total | 100.0 | 100.0 |   4.2 |  31.5 |  47.2 | 782.1
       Dungeon |  91.3 |  91.2 |   4.3 |  33.1 |  47.5 | 998.8
        Temple |   1.2 |   0.9 |  22.4 |   0.0 |  94.2 |  52.0
         Sewer |   7.5 |   7.8 |   0.0 |  16.3 |  38.2 | 429.0
               +-------+-------+-------+-------+-------+----------------------
